 Dungeon Sprint DCSS version 0.29.1-12-g30fa7ad0bf (webtiles) character file.

Game seed: 9543819926053990769

2282 boopmooplesden the Impaler (level 9, -1/97 HPs)
             Began as a Minotaur Berserker on Dec 15, 2022.
             Was a High Priest of Trog.
             Slain by an acid dragon (2 damage)
             ... in the Dungeon (Sprint IX: "|||||||||||||||||||||||||||||").
             The game lasted 00:01:01 (823 turns).

boopmooplesden the Impaler (Minotaur Berserker)      Turns: 823, Time: 00:01:02

Health: -1/97      AC: 19    Str: 27    XL:     9   Next: 16%
Magic:  8/8        EV: 15    Int:  4    God:    Trog [*****.]
Gold:   0          SH:  0    Dex: 12    Spells: 8/8 levels left

rFire   . . .      SeeInvis .   k - +2 halberd (protect)
rCold   . . .      Faith    .   (shield currently unavailable)
rNeg    . . .      Spirit   .   n - +1 scale mail
rPois   .          Reflect  .   (helmet restricted)
rElec   .          Harm     .   (no cloak)
rCorr   .          Rampage  .   l - +0 pair of gloves
Will    .....      NoTele   +   m - +0 pair of boots
Stlth   ..........              (no amulet)
HPRegen 0.26/turn               o - +2 ring of evasion
MPRegen 0.11/turn               p - +3 ring of dexterity

@: under a protective aura, on berserk cooldown, slowed, very slow
A: horns 2, retaliatory headbutt
a: Renounce Religion, Berserk, Trog's Hand, Brothers in Arms


You were in the Dungeon.
You worshipped Trog.
Trog was extremely pleased with you.
You visited 1 branch

Inventory:

Hand Weapons
 a - a +0 spear
 k - a +2 halberd of protection (weapon)
Armour
 b - a +0 animal skin
 l - a +0 pair of gloves (worn)
 m - a +0 pair of boots (worn)
 n - a +1 scale mail (worn)
Jewellery
 o - a +2 ring of evasion (left hand)
 p - a +3 ring of dexterity (right hand)
Wands
 j - a wand of roots (10)
Scrolls
 h - 2 scrolls of blinking
Potions
 c - 5 potions of curing
 d - 3 potions of heal wounds
 e - a potion of haste
 f - 4 potions of magic
 g - a potion of berserk rage
 i - a potion of invisibility


   Skills:
 + Level 15.2 Fighting
 + Level 16.3 Polearms
 + Level 8.4 Armour
 + Level 8.0 Dodging
 + Level 0.7 Stealth


You had 8 spell levels left.
You didn't know any spells.
Your spell library was empty.

Dungeon Overview and Level Annotations

Branches:
Dungeon (1/1)

Altars:
Cheibriados
Dithmenos
Elyvilon
Fedhas
Gozag
Hepliaklqana
Kikubaaqudgha
Makhleb
Nemelex Xobeh
Okawaru
Qazlal
Ru
Sif Muna
Trog
Uskayaw
Vehumet
Wu Jian
Xom
Yredelemnul
Zin
The Shining One
Jiyva
Lugonu


Innate Abilities, Weirdness & Mutations

You have a pair of horns on your head.
You reflexively headbutt those who attack you in melee.


Message History

You kill the boulder beetle!
Trog accepts your kill. Trog grants you a weapon!
Something appears at your feet!
You see here a +6 vorpal glaive.
Your Fighting skill increases to level 15!
Your Polearms skill gained 2 levels and is now at level 16!
Your Armour skill increases to level 8!
Your Dodging skill increases to level 8!
You have reached level 9!
Your experience leads to an increase in your attributes!
Your base attributes are Str 25, Int 4, Dex 9.
Increase (S)trength, (I)ntelligence, or (D)exterity?
You feel stronger. x2
You barely miss something. Your headbutt misses something.
Something hits you but does no damage. x2
You miss something. You headbutt something! Trog accepts your kill.
Trog appreciates your killing of a magic user.
Reactivating autopickup.
You feel a bit more experienced. The vampire mosquito barely misses you.
You furiously retaliate!
You headbutt the vampire mosquito! You impale the vampire mosquito!!
You destroy the vampire mosquito!
Trog accepts your kill. The acid dragon spits acid at you.
The splash of acid hits you!!
* * * LOW HITPOINT WARNING * * *
The acid dragon bites you.
* * * LOW HITPOINT WARNING * * *
The acid dragon claws you but does no damage.
Items here: ) [ ††.
You hit the acid dragon.
The acid dragon is lightly wounded.
The acid dragon misses you.
The acid dragon claws you but does no damage.
You closely miss the acid dragon.
The acid dragon is lightly wounded.
The acid dragon bites you but does no damage.
The acid dragon claws you.
You die...

▓+▓
▓.▓
▓.▓
▓.▓
▓D▓
▓@▓
▓)▓
▓†▓
▓.▓
▓.▓
▓.▓
▓.▓
▓.▓
▓)▓


You could see an acid dragon (catching breath).

Vanquished Creatures
  A boulder beetle (D)
  A two-headed ogre (D)
  A queen bee (shapeshifter) (D)
  2 yaks (D)
  2 vampire mosquitoes (D)
  A centaur (D)
  A kobold brigand (D)
  A necrophage (D)
  A hound (D)
  An orc priest (D)
  An iguana (D)
  An orc wizard (D)
  An adder (D)
  A goblin (D)
  A hobgoblin (D)
  A jackal (D)
  A kobold (D)
  2 rats (D)
21 creatures vanquished.

Notes
Turn   | Place    | Note
-------+----------+-------------------------------------------
     0 | D        | boopmooplesden the Minotaur Berserker began the quest for
                  | the Orb.
     0 | D        | Reached XP level 1. HP: 19/19 MP: 0/0
     8 | D        | Reached skill level 4 in Polearms
     9 | D        | Reached ** piety under Trog
    16 | D        | Noticed a hound
    16 | D        | Noticed a necrophage
    16 | D        | Noticed an iguana
    19 | D        | Killed an iguana
    20 | D        | Reached skill level 5 in Fighting
    20 | D        | Reached skill level 5 in Polearms
    20 | D        | Reached XP level 2. HP: 30/30 MP: 1/1
    20 | D        | Reached XP level 3. HP: 37/37 MP: 2/2
    24 | D        | Killed a necrophage
    24 | D        | Reached *** piety under Trog
    25 | D        | Reached skill level 7 in Polearms
    25 | D        | Reached XP level 4. HP: 47/47 MP: 3/3
    31 | D        | Reached skill level 8 in Polearms
   337 | D        | Found a snail-covered altar of Cheibriados.
   337 | D        | Found a shadowy altar of Dithmenos.
   337 | D        | Found a white marble altar of Elyvilon.
   337 | D        | Found a blossoming altar of Fedhas.
   337 | D        | Found an opulent altar of Gozag.
   338 | D        | Found a hazy altar of Hepliaklqana.
   339 | D        | Found a viscous altar of Jiyva.
   340 | D        | Found an ancient bone altar of Kikubaaqudgha.
   341 | D        | Found a corrupted altar of Lugonu.
   342 | D        | Found a burning altar of Makhleb.
   343 | D        | Found a sparkling altar of Nemelex Xobeh.
   344 | D        | Found an iron altar of Okawaru.
   345 | D        | Found a stormy altar of Qazlal.
   346 | D        | Found a sacrificial altar of Ru.
   347 | D        | Found a shimmering blue altar of Sif Muna.
   348 | D        | Found a bloodstained altar of Trog.
   349 | D        | Found a hide-covered altar of Uskayaw.
   350 | D        | Found a radiant altar of Vehumet.
   351 | D        | Found an ornate altar of the Wu Jian Council.
   352 | D        | Found a shimmering altar of Xom.
   353 | D        | Found a basalt altar of Yredelemnul.
   354 | D        | Found a glowing silver altar of Zin.
   355 | D        | Found a glowing golden altar of the Shining One.
   508 | D        | Noticed a kobold brigand
   508 | D        | Noticed a yak
   508 | D        | Noticed a two-headed ogre
   508 | D        | Noticed a yak
   508 | D        | Noticed a centaur
   510 | D        | Killed a centaur
   511 | D        | Reached skill level 9 in Polearms
   511 | D        | Reached XP level 5. HP: 57/57 MP: 4/4
   515 | D        | Killed a yak
   515 | D        | Reached **** piety under Trog
   516 | D        | Reached skill level 10 in Polearms
   516 | D        | Reached skill level 5 in Armour
   516 | D        | Reached skill level 5 in Dodging
   516 | D        | Reached XP level 6. HP: 68/68 MP: 5/5
   519 | D        | Killed a two-headed ogre
   520 | D        | Reached skill level 13 in Polearms
   520 | D        | Reached XP level 7. HP: 79/79 MP: 6/6
   522 | D        | Killed a yak
   523 | D        | Reached XP level 8. HP: 86/86 MP: 7/7
   525 | D        | Reached skill level 14 in Polearms
   788 | D        | Noticed a boulder beetle
   788 | D        | Noticed a queen bee
   793 | D        | Reached ***** piety under Trog
   802 | D        | Killed a queen bee
   817 | D        | Killed a boulder beetle
   817 | D        | Received a gift from Trog
   818 | D        | Reached skill level 15 in Fighting
   818 | D        | Reached skill level 16 in Polearms
   818 | D        | Reached XP level 9. HP: 32/97 MP: 8/8
   820 | D        | HP: 4/97 [acid dragon/splash of acid (28)]
   821 | D        | HP: 1/97 [acid dragon (4)]
   823 | D        | Slain by an acid dragon

Illustrated notes

Levels and vault maps discovered:
D:        linesprint [early_d, line_temple, items_1, d_10, items_2, lair_1,
          lair_end, items_3, orc_1, orc_end, items_4, d_15, swamp_1, shoals_1,
          snake_1, spider_1, d_20, vaults_1, items_5, swamp_end, shoals_end,
          snake_end, spider_end, vaults_end, d_27, items_6, zot_1, zot_end,
          crypt_end, forest_end, elf_end, slime_end, tomb_end, abyss_end,
          pan_hell_end]

Skill      XL: |  1  2  3  4  5  6  7  8 |
---------------+-------------------------+-----
Fighting       | 5 7 9 11 13 15 | 15.2
Polearms       | 5 7 9 10 13 16 | 16.3
Armour         | 3 4 5 6 8 |  8.4
Dodging        | 3 4 5 6 7 8 |  8.0
Stealth        | |  0.7

Action                   |  1- 3 |  4- 6 |  7- 9 || total
-------------------------+-------+-------+-------++-------
Melee: Spear             |    12 |    13 |       ||    25
       Headbutt          |     3 |     2 |     9 ||    14
       Halberd           |       |    10 |    37 ||    47
Invok: Berserk           |     1 |     1 |     1 ||     3
Armor: Animal skin       |     1 |     2 |       ||     3
       Scale mail        |       |     1 |    11 ||    12
Dodge: Dodged            |     2 |     9 |    14 ||    25
